 Dungeon Crawl Stone Soup version 0.27.0-1-g7a089689b8 (webtiles) character file.

Game seed: 9951124792440812011

10579 robertstho the Thaumaturge (level 11, -4/76 HPs)
             Began as a Djinni Fire Elementalist on Aug 17, 2021.
             Was an Initiate of Gozag.
             Killed from afar by a rime drake (28 damage)
             ... with a flash freeze
             ... on level 2 of the Lair of Beasts.
             The game lasted 00:22:21 (14838 turns).

robertstho the Thaumaturge (DjFE)                  Turns: 14838, Time: 00:22:22

Health: -4/76      AC:  3    Str:  7    XL:     11   Next: 95%
Gold:   1178       EV: 13    Int: 19    God:    Gozag SH:  5 Dex: 15

rFire    + + +     SeeInvis .   j - +4 rapier
rCold    x . .     Faith    .   (no shield)
rNeg     . . .     Spirit   .   l - +0 robe {rF+}
rPois    ∞         Reflect  +   (no helmet)
rElec    .         Harm     .   (no cloak)
rCorr    .         Rampage  .   u - +0 pair of gloves
Will     +....                  (boots unavailable)
Stlth    +++.......             e - amulet of reflection
HPRegen  0.22/turn              (no ring)
MPRegen  0.00/turn              (no ring)

@: gold aura, flying
A: sickness immunity, fire resistance 2, cold vulnerability 1, float, innate
caster, hp casting, extra vitality 1
a: Renounce Religion, Potion Petition, Call Merchant, Bribe Branch


You were on level 2 of the Lair of Beasts.
You worshipped Gozag.
Gozag was most pleased with you.
You visited 3 branches of the dungeon, and saw 13 of its levels.
You also visited: Bailey.

You collected 1470 gold pieces.
You spent 205 gold pieces at shops.
You paid 87 gold pieces to Gozag.

Inventory:

Hand Weapons
 a - a +1 dagger of holy wrath
 j - a +4 rapier (weapon)
 t - a +2 hand axe of flaming
Missiles
 i - 2 throwing nets
Armour
 l - a +0 robe of fire resistance (worn)
 u - a +0 pair of gloves (worn)
Jewellery
 e - an amulet of reflection (around neck)
Wands
 c - a wand of digging (15)
 m - a wand of mindburst (20)
 q - a wand of flame (27)
Scrolls
 g - 2 scrolls of enchant weapon
 p - a scroll of silence
Potions
 b - 4 potions of lignification
 d - 2 potions of attraction {unknown}
 f - a potion of berserk rage
 h - a potion of brilliance
 k - a potion of ambrosia
 o - a potion of resistance
 r - a potion of mutation


   Skills:
 * Level 6.1 Fighting
 + Level 0.2 Short Blades
 + Level 4.1 Dodging
 + Level 4.1 Stealth
 + Level 0.5 Shields
 * Level 12.2 Spellcasting
 + Level 1.7 Evocations


You had 4 spell levels left.
You knew the following spells:

 Your Spells              Type           Power      Damage    Failure   Level
a - Foxfire               Conj/Fire      100%       2x1d9     1%          1
b - Conjure Flame         Conj/Fire      55%        6-21      1%          3
c - Inner Flame           Hex/Fire       55%        N/A       1%          3
d - Sticky Flame          Conj/Fire      55%        2d7       1%          4
e - Fireball              Conj/Fire      27%        3d12      1%          5
f - Shock                 Conj/Air       100%       1d9       1%          1
g - Static Discharge      Conj/Air       55%        N/A       1%          2
h - Ozocubu's Armour      Ice            55%        N/A       1%          3
i - Stone Arrow           Conj/Erth      100%       3d13      1%          3
j - Borgnjor's Vile Clut  Necr/Erth      27%        N/A       1%          5
Your spell library was empty.

Dungeon Overview and Level Annotations

Branches:
Dungeon (10/15)            Temple (1/1) D:6            Lair (2/6) D:8
 Bailey (visited)
  Swamp: Lair:2-4    Shoals: Lair:2-4     Snake: Lair:2-4    Spider: Lair:2-4
    Orc: D:9-12

Altars:
Ashenzari
Dithmenos
Gozag
Makhleb
Nemelex Xobeh
Okawaru
Qazlal
Ru
Trog
Uskayaw
Vehumet
Wu Jian
Xom
The Shining One

Shops:
D:3 =!*:=   D:6 (!(:[

Annotations:
D:3 Good shop good potion shop good ring
D:4 3 runed translucent doors, Calibrex's ghost, amateur DsMo; Naeght's ghost, novice MfGl
D:6 Potion shop 1282 gauntlets of war
D:7 5 runed translucent doors
D:8 Joseph


Innate Abilities, Weirdness & Mutations

You are immune to sickness and miasma.
You are immune to poison.
Your flesh is very heat resistant. (rF++)
You are vulnerable to cold. (rC-)
You float through the air rather than walking.
You learn spells naturally, not from books.
Your magical power is your life essence.
You have superior vitality. (+4 HP)


Message History

The six-headed hydra is severely wounded.
Unknown command.
Casting: Fireball (dangerous; 1% risk of failure)
Confirm with . or Enter, or press ? or * to list all spells.
Aiming: Sticky Flame (safe; 1% risk of failure)
Press: ? - help, Shift-Dir - straight line, f/p - six-headed hydra
Aim: a six-headed hydra (severely wounded, 100% to hit)
The sticky flame hits the six-headed hydra!
The six-headed hydra is almost dead.
The six-headed hydra is covered in liquid flames!
The six-headed hydra burns!
A cane toad comes into view.
The six-headed hydra closely misses you.
The six-headed hydra bites you!
The six-headed hydra bites you but does no damage.
The six-headed hydra bites you! x2
The six-headed hydra bites you but does no damage.
Casting: Sticky Flame (safe; 1% risk of failure)
Confirm with . or Enter, or press ? or * to list all spells.
Aiming: Fireball (dangerous; 1% risk of failure)
Press: ? - help, Shift-Dir - straight line, f/p - six-headed hydra
Aim: a six-headed hydra (almost dead, covered in liquid flames)
Okay, then.
A nearby plant withers and dies.
The six-headed hydra burns!
The six-headed hydra burns!
The six-headed hydra burns!
You kill the six-headed hydra!
A rime drake comes into view.
Casting: Fireball (dangerous; 1% risk of failure)
Confirm with . or Enter, or press ? or * to list all spells.
Aiming: Fireball (dangerous; 1% risk of failure)
Press: ? - help, Shift-Dir - straight line The fireball explodes!
The fireball engulfs the rime drake!
The rime drake is moderately wounded.
The rime drake hisses angrily.
You hear a bellow!
You hear an angry hiss.
You hear a bellow!
The rime drake breathes ice at you. The flash freeze hits you!!
You feel a painful chill!
You die...
Your body crumbles into a pile of gold.

#...P# .....#
#..<## F.....
##..P# ....##
##.###.....##
...###..P#........
....k..............
........$..........
......$............
..........@........
...................
....#######.#......
.... ###..##.. ..
.# P $ $ ##


You could see a cane toad and a rime drake (catching breath).

Vanquished Creatures
  Erolcha (D:9)
  Harold (D:7)
  A hydra (Lair:2)
  A centaur warrior (D:9)
  A two-headed ogre (D:10)
  2 death yaks (D:8)
  Maggie (D:9)
  Grinder (D:3)
  2 wyverns
  A vampire (D:10)
  A wraith (D:10)
  A basilisk (Lair:1)
  2 steam dragons
  Menkaure (D:7)
  3 water moccasins
  A hornet zombie (D:7)
  7 orc warriors
  2 sky beasts (D:6)
  3 ogres
  2 necrophages (D:5)
  3 centaurs
  A phantom (D:6)
  A kobold brigand (D:9)
  2 bullfrogs
  7 scorpions
  A water moccasin zombie (D:5)
  A wyvern skeleton (D:7)
  3 wights (D:9)
  3 howler monkeys
  A jelly (D:8)
  6 centaur zombies
  7 hounds
  5 orc priests
  3 centaur skeletons
  2 iguanas (D:5)
  7 orc wizards
  A hell rat (D:8)
  2 howler monkey zombies
  6 adders
  2 howler monkey skeletons (D:6)
  2 river rats (D:8)
  A shadow imp (D:6)
  An ufetubus (D:6)
  2 worms (D:3)
  A dart slug (D:4)
  51 orcs
  8 endoplasms
  A giant cockroach (D:4)
  7 goblins
  6 jackals
  4 quokkas
  13 ball pythons
  5 bats
  2 frilled lizards
  12 kobolds
  4 rats
219 creatures vanquished.

Vanquished Creatures (others)
  589 foxfires
  A fungus (Lair:1)
  2 plants
  6 withered plants (D:4)
598 creatures vanquished.

Grand Total: 817 creatures vanquished

Notes
Turn   | Place    | Note
-------+----------+-------------------------------------------
     0 | D:1      | robertstho the Djinni Fire Elementalist began the quest for
                  | the Orb.
     0 | D:1      | Reached XP level 1. HP: 15/15 MP: 0/0
   358 | D:1      | Reached XP level 2. HP: 17/22 MP: 0/0
  1518 | D:2      | Reached XP level 3. HP: 24/26 MP: 0/0
  1518 | D:2      | Learned a level 1 spell: Shock
  1552 | D:2      | Reached skill level 3 in Spellcasting
  1613 | D:2      | Reached skill level 1 in Fighting
  1613 | D:2      | Reached XP level 4. HP: 19/32 MP: 0/0
  2187 | D:2      | Found an iron altar of Okawaru.
  2365 | D:2      | Found a faded altar of an unknown god.
  2933 | D:3      | Found Abaxkag's Book Emporium.
  2937 | D:3      | Noticed Grinder
  2943 | D:3      | Killed Grinder
  2944 | D:3      | Reached skill level 4 in Spellcasting
  2944 | D:3      | Reached XP level 5. HP: 31/38 MP: 0/0
  2944 | D:3      | Learned a level 2 spell: Static Discharge
  2944 | D:3      | Reached XP level 6. HP: 35/43 MP: 0/0
  3170 | D:3      | Found Zemea's General Store.
  3206 | D:3      | Bought a potion of curing for 30 gold pieces
  3206 | D:3      | Bought a scroll of identify for 20 gold pieces
  3206 | D:3      | Bought a scroll of magic mapping for 35 gold pieces
  3211 | D:3      | Found Imiap's Distillery.
  3664 | D:3      | Found Lealiel's Jewellery Emporium.
  3698 | D:3      | Reached skill level 5 in Spellcasting
  3698 | D:3      | Reached XP level 7. HP: 43/48 MP: 0/0
  3698 | D:3      | Learned a level 3 spell: Ozocubu's Armour
  3726 | D:3      | Found Zeviwn's Jewellery Boutique.
  4451 | D:4      | Found a runed translucent gate.
  4451 | D:4      | Found a runed translucent gate.
  4455 | D:4      | Found a runed translucent gate.
  4456 | D:4      | Noticed Naeght's ghost (novice MfGl)
  4456 | D:4      | Noticed Calibrex's ghost (amateur DsMo)
  4630 | D:4      | Reached skill level 6 in Spellcasting
  4630 | D:4      | Reached XP level 8. HP: 46/55 MP: 0/0
  5010 | D:5      | Entered Level 5 of the Dungeon
  5515 | D:5      | Reached skill level 7 in Spellcasting
  5931 | D:6      | Reached XP level 9. HP: 55/61 MP: 0/0
  5931 | D:6      | Learned a level 3 spell: Stone Arrow
  5985 | D:6      | Found a staircase to the Ecumenical Temple.
  6022 | D:6      | Noticed a skeletal warrior
  6024 | D:6      | Noticed a skeletal warrior
  6024 | D:6      | Noticed a skeletal warrior
  6362 | Temple   | Entered the Ecumenical Temple
  6460 | Temple   | Became a worshipper of Gozag Ym Sagoz the Greedy
  6582 | D:6      | Found Xiok's Distillery.
  6595 | D:6      | Reached skill level 8 in Spellcasting
  6606 | D:6      | Bought a potion of mutation for 80 gold pieces
  6606 | D:6      | Bought a potion of lignification for 30 gold pieces
  6606 | D:6      | Bought a potion of degeneration for 10 gold pieces
  6648 | D:6      | Found Uxzoam's Weapon Boutique.
  6808 | D:6      | Found Akudogh's Book Shoppe.
  6999 | D:6      | Found Iherofan's Antique Armour Shop.
  7057 | D:6      | Found Udghubia's Antique Weapon Boutique.
  7275 | D:7      | Noticed Menkaure
  7279 | D:7      | Killed Menkaure
  8048 | D:7      | Found the +9 staff of Olgreb {rPois∞}
  8052 | D:7      | Found a runed translucent door.
  8060 | D:7      | Found a runed translucent gate.
  8060 | D:7      | Found a runed translucent gate.
  8061 | D:7      | Found a runed translucent door.
  8079 | D:7      | Noticed Harold
  8088 | D:7      | Killed Harold
  8089 | D:7      | Reached skill level 9 in Spellcasting
  8089 | D:7      | Reached XP level 10. HP: 23/68 MP: 0/0
  8907 | D:7      | Found a runed translucent gate.
  9429 | D:8      | Noticed Joseph
  9430 | D:8      | Reached skill level 10 in Spellcasting
  9740 | D:8      | Noticed a death yak
  9740 | D:8      | Noticed a death yak
  9741 | D:8      | Noticed a death yak
  9754 | D:8      | Killed a death yak
  9789 | D:9      | Noticed a centaur warrior
  9840 | D:9      | Found a flagged portal.
  9853 | Bailey   | Entered a bailey
 10063 | D:9      | Noticed Maggie
 10064 | D:9      | Reached skill level 5 in Fighting
 10603 | D:9      | Killed a centaur warrior
 10604 | D:9      | Reached XP level 11. HP: 1/75 MP: 0/0
 10604 | D:9      | Learned a level 5 spell: Borgnjor's Vile Clutch
 10621 | D:9      | Reached skill level 11 in Spellcasting
 10621 | D:9      | Reached skill level 1 in Evocations
 11389 | D:9      | Killed Maggie
 11710 | D:9      | Noticed Erolcha
 11720 | D:9      | Killed Erolcha
 12289 | D:10     | Entered Level 10 of the Dungeon
 12289 | D:10     | Noticed a two-headed ogre
 12295 | D:10     | Killed a two-headed ogre
 13642 | D:8      | Found a staircase to the Lair.
 13685 | D:8      | Killed a death yak
 13686 | D:8      | Reached skill level 12 in Spellcasting
 13700 | D:8      | HP: 2/76 [death yak (11)]
 13712 | Lair:1   | Entered Level 1 of the Lair of Beasts
 14825 | Lair:2   | Noticed a six-headed hydra
 14832 | Lair:2   | Killed a six-headed hydra
 14838 | Lair:2   | Killed from afar by a rime drake

Illustrated notes

Levels and vault maps discovered:
D:1:      dpeg_arrival_radiant, layout_basic, minivault_19, minmay_statues_item,
          interstate_on_off
D:2:      layout_loops_corners, basic_altar, basic_ecumenical_altar,
          minmay_vboxes
D:3:      layout_loops_ring, serial_shops, shop, nicolae_shop_crystal,
          nicolae_shop_waterfront, nicolae_shop_stone, nicolae_lakefront_shop,
          uniq_grinder
D:4:      layout_cave_pools, nicolae_vehumet_radiance, gammafunk_ghost_cemetery,
          kennysheep_generic_room_16
D:5:      layout_rooms
D:6:      layout_basic, minmay_temple_entry_statues, serial_shops,
          kennysheep_little_box, shop, kennysheep_mini,
          nicolae_shop_window_shopping, shop
D:7:      layout_loops_corners, minmay_guarded_unrand_staff_of_olgreb,
          uniq_menkaure, uniq_harold
D:8:      layout_rooms, dpeg_lair_monsters, chequers_decorated_corner,
          uniq_joseph
D:9:      layout_irregular_city, serial_glass, glass_columns_b, glass_columns_b,
          enter_bailey_5, uniq_erolcha, uniq_maggie
D:10:     layout_basic, special_room [special_room_orc]
Temple:   kilobyte_greek_temple
Lair:1:   layout_loops_ring
Lair:2:   layout_regular_city, minmay_snake_entry_guardpost_medium, st_stairs_9

Skill      XL: |  1  2  3  4  5  6  7  8  9 10 11 |
---------------+----------------------------------+-----
Spellcasting   | 3 4 5 6 7 9 10 12 | 12.2
Fighting       | 1 2 3 4 5 6 |  6.1
Stealth        | 2 3 4 |  4.1
Dodging        | 3 4 |  4.1
Evocations     | 1 |  1.7
Short Blades   | |  0.2
Shields        | |  0.5

Action                   |  1- 3 |  4- 6 |  7- 9 | 10-12 || total
-------------------------+-------+-------+-------+-------++-------
Melee: Dagger            |       |       |    22 |       ||    22
       Rapier            |       |       |       |     4 ||     4
 Cast: Foxfire           |    56 |    96 |   179 |    22 ||   353
       Sticky Flame      |       |     1 |    11 |    16 ||    28
       Fireball          |       |       |    16 |   112 ||   128
       Conjure Flame     |       |       |       |     1 ||     1
       Borgnjor's Vile C |       |       |       |     1 ||     1
Evoke: Wand              |       |       |     2 |    11 ||    13
  Use: Scroll            |     3 |     3 |       |    10 ||    16
       Potion            |       |       |     4 |     1 ||     5
 Stab: Sleeping          |       |       |     1 |       ||     1
Armor: Robe              |     2 |     1 |     5 |     7 ||    15
       Skin              |       |       |       |    20 ||    20
Dodge: Dodged            |    18 |     6 |    21 |    19 ||    64
Block: Other             |       |     2 |    10 |     7 ||    19
       Reflection        |       |     1 |       |     1 ||     2
